AoeStats
← sam.salorio

Golden Pit

509767689Analyzed
1v1 RM · 5d ago on Sep 27, 2026· 33m 18s· 2 players
Game mode
Random Map
Map size
Tiny (2 player)
Population
200
Speed
Normal
Resources
Standard
Victory
Conquest
Starting age
Dark Age
Ending age
Imperial Age
RankedLock teamsTeams togetherTeam positionsShared explorationLock speedFull tech treeHidden civsTurbo modeCheats
Victory
Defeat
🇦🇷 Magyars · Argentina
841
+15
🇺🇸 Byzantines · United States
815
-15
sam.salorio
13:29 Feudal Age
11:47 Loom
13:32 Feudal Age
14:25 Double-Bit Axe
14:33 Horse Collar
16:24 Wheelbarrow
21:40 Castle Age
20:47 Scale Barding Armor
22:15 Forging
22:08 Scale Mail Armor
26:16 Hand Cart
27:20 Fletching
32:16 Redemption
WILLYwalaceBTL
5:07 Loom
11:17 Feudal Age
12:05 Double-Bit Axe
16:00 Scale Barding Armor
16:17 Bloodlines
21:43 Castle Age
21:13 Wheelbarrow
21:00 Fletching
26:10 Crossbowman
27:30 Chain Barding Armor
Connection lost

Rejoining the realm…

Still unreachable

The connection could not be restored.

Session expired

The server has moved on; the page needs a fresh start.